 Dungeon Crawl Stone Soup version 0.26.1 (webtiles) character file.

Game seed: 13803971313349142028

78487 KittyFluff the Basher (level 15, 0/95 HPs)
             Began as a Gargoyle Berserker on Feb 7, 2021.
             Was a High Priest of Trog.
             Slain by a fire elemental (5 damage)
             ... led by Azrael
             ... on level 15 of the Dungeon.
             The game lasted 02:40:56 (32190 turns).

KittyFluff the Basher (Gargoyle Berserker)         Turns: 32190, Time: 02:40:56

Health: 0/95       AC: 44    Str: 41    XL:     15   Next: 60%
Magic:  15/15      EV: 15    Int: 10    God:    Trog [*****.]
Gold:   1602       SH:  0    Dex: 14    Spells: 14/14 levels left

rFire    . . .     SeeInvis +   Y - +9 mace "Gycvery" {protect, Str+9}
rCold    . . .     Faith    .   (no shield)
rNeg     + + .     Spirit   .   Q - +1 pearl dragon scales
rPois    ∞         Reflect  .   y - +0 mask of the Dragon {Will+ Slay+3 SInv}
rElec    +         Harm     .   d - +2 cloak {Stlth+}
rCorr    .         Rampage  .   M - +1 pair of gloves
Will     +++++                  E - +2 pair of boots
Stlth    +.........             B - amulet of Psychosis {RegenMP Will+}
HPRegen  1.25/turn              I - +6 ring of strength
MPRegen  0.39/turn              U - +6 ring of strength

@: about to teleport, protection aura, flying, regenerating
A: big wings, negative energy resistance 1, electricity resistance, unbreathing,
petrification resistance, miasma immunity, AC +11
a: Stop Flying, Renounce Religion, Berserk, Trog's Hand, Brothers in Arms


You were on level 15 of the Dungeon.
You worshipped Trog.
Trog was extremely pleased with you.
You visited 2 branches of the dungeon, and saw 21 of its levels.

You collected 1759 gold pieces.
You spent 157 gold pieces at shops.

Inventory:

Hand Weapons
 a - a +3 arbalest of freezing
 F - a +1 vorpal shortbow
 J - a +0 lajatang
 N - a +2 quarterstaff of flaming
 Y - the +9 mace "Gycvery" (weapon) {protect, Str+9}
   (You took it off a kobold demonologist on level 10 of the Dungeon)

   It grants its wielder temporary protection when it strikes (+7 to AC).
   It affects your strength (+9).
 Z - the +7 dire flail of Doom {venom, rC+ Dex+3 Stlth+}
   (You acquired it on level 3 of the Lair of Beasts)

   It poisons the flesh of those it strikes.
   It affects your dexterity (+3).
   It protects you from cold.
   It makes you more stealthy.
Missiles
 i - 154 bolts
 k - 429 arrows
 t - 125 sling bullets
 P - 28 boomerangs
Armour
 d - a +2 cloak of stealth (worn)
 e - a +2 hat
 j - the +7 Kryia's mail coat {PotionHeal*2 rC+}
   (You found it on level 3 of the Lair of Beasts)

   It protects you from cold.
 m - a scarf of resistance
 y - the +0 mask of the Dragon (worn) {Will+ Slay+3 SInv}
   (You found it on level 10 of the Dungeon)

   It affects your accuracy and damage with ranged weapons and melee attacks
   (+3).
   It affects your willpower, your defense against some magical effects.
   It lets you see invisible.
 E - a +2 pair of boots (worn)
 M - a +1 pair of gloves (worn)
 Q - +1 pearl dragon scales (worn)
Jewellery
 w - an uncursed ring of fire
 B - the amulet of Psychosis (around neck) {RegenMP Will+}
   (You found it on level 3 of the Lair of Beasts)

   [amulet of magic regeneration]

   It increases your magic regeneration.
   It affects your willpower, your defense against some magical effects.
 I - a +6 ring of strength (left hand)
 O - an uncursed ring of protection from fire
 S - a +6 ring of dexterity
 U - a +6 ring of strength (right hand)
 W - an uncursed ring of stealth
 X - a +4 ring of evasion
Wands
 o - a wand of flame (51)
 s - a wand of disintegration (26)
 C - a wand of paralysis (7)
 D - a wand of polymorph (16)
 G - a wand of enslavement (10)
 L - a wand of iceblast (7)
 T - a wand of digging (5)
Scrolls
 c - 2 scrolls of immolation
 g - 5 scrolls of blinking
 l - 7 scrolls of teleportation
 n - 5 scrolls of remove curse
 p - 2 scrolls of enchant weapon
 q - 5 scrolls of fog
 r - 2 scrolls of identify
 z - 3 scrolls of magic mapping
 H - 5 scrolls of enchant armour
 K - a scroll of fear
Potions
 b - 5 potions of resistance
 f - 7 potions of curing
 h - 3 potions of attraction
 u - 6 potions of might
 v - 3 potions of haste
 x - 3 potions of mutation
 A - 2 potions of invisibility
 R - a potion of cancellation
 V - 5 potions of lignification


   Skills:
 + Level 11.4 Fighting
 * Level 14.3(16.0) Maces & Flails
 + Level 12.7(15.3) Staves
 + Level 3.9 Bows
 * Level 7.5 Crossbows
 * Level 12.5 Armour
 + Level 7.3 Dodging
 + Level 3.4 Stealth


You had 14 spell levels left.
You didn't know any spells.
Your spell library was empty.

Dungeon Overview and Level Annotations

Branches:
Dungeon (15/15)            Temple (0/1) D:4            Lair (6/6) D:11
  Swamp (0/4) Lair:4        Snake (0/4) Lair:3        Slime (0/5) Lair:5
    Orc (0/2) D:9          Vaults (0/5) D:14
 Depths: D:15

Altars:
Ashenzari
Cheibriados
Fedhas
Nemelex Xobeh
Okawaru
Qazlal
Ru
Trog
Uskayaw
Wu Jian
Xom
Zin

Shops:
D:7 !   D:9 *   D:12 *

Annotations:
D:11 exclusion: orange crystal statue
D:12 1 runed translucent door
D:15 Azrael
Lair:6 3 runed translucent doors, hawla's ghost, adept DrCj


Innate Abilities, Weirdness & Mutations

You are resistant to torment.
Your stone body is resilient. (AC +11)
You are immune to poison.
Your large and strong wings let you fly indefinitely.
You resist negative energy. (rN+)
You are resistant to electric shocks. (rElec)
You can survive without breathing.
You are immune to petrification.
You are immune to miasma.


Message History

The fire elemental closely misses you. Azrael hits you but does no damage.
You sock Azrael!
Azrael is severely wounded.
The fire elemental hits you.
You bludgeon Azrael!!
Azrael is almost dead.
Azrael gestures at you. The bolt of fire hits you!
* * * LOW HITPOINT WARNING * * *
The fire elemental hits you. The fire elemental burns you!
* * * LOW HITPOINT WARNING * * *
As you read the scroll of teleportation, it crumbles to dust.
You feel strangely unstable. The fire elemental hits you.
The fire elemental burns you!
* * * LOW HITPOINT WARNING * * *
Azrael hits you but does no damage.
Your skin crawls.
You feel strong-willed. The fire elemental hits you.
The fire elemental burns you!
You die...

......#
........ ..
.....### .
.....# ###. .
.....# .'.
########'#
.....+
#..#.§.§..(..
.....#
#..#§§§§.(...
)<...#
#.ERE§§§.....
.....#
#@§§§.....
......#
#§§§§.....
##....#
#######...
.#....# #
.#....+
.#....#
##....#
......#
......


You could see Azrael and 2 fire elementals.

Vanquished Creatures
  An ironheart preserver (D:14)
  Snorg (Lair:3)
  A fire dragon (Lair:6)
  A boulder beetle (D:14)
  2 catoblepae
  A death knight (D:14)
  6 hydras
  3 centaur warriors
  9 two-headed ogres
  2 tengu warriors (D:10)
  Urug (Lair:5)
  16 death yaks
  3 unseen horrors (D:10)
  A swamp dragon (Lair:6)
  3 deep elf magi
  4 lindwurms (Lair:3)
  2 wolf spider zombies (D:15)
  14 ugly things
  A cyclops (D:13)
  6 oklob plants
  4 elephants (Lair:4)
  5 black mambas
  A guardian serpent (shapeshifter) (D:15)
  A black mamba (shapeshifter) (D:15)
  8 cane toads
  4 kobold demonologists
  6 rime drakes
  6 komodo dragons
  3 freezing wraiths
  7 trolls
  5 polar bears
  14 blink frogs (Lair:4)
  A vampire (D:14)
  7 wraiths
  2 wyverns
  Sigmund (D:5)
  32 yaks
  5 basilisks
  Eustachio (D:5)
  3 steam dragons
  3 vampire mosquitoes (D:15)
  A redback simulacrum (D:14)
  3 acid dragons
  A naga (Lair:3)
  11 water moccasins
  A hell hound (D:15)
  4 sky beasts
  3 swamp drakes
  4 ice beasts
  6 orc warriors
  6 ogres
  3 phantoms
  5 black bears
  4 necrophages
  4 eyes of draining
  5 centaurs
  9 wolves
  5 big kobolds
  15 bullfrogs
  2 gnoll sergeants
  2 scorpions
  4 killer bees (D:9)
  3 wights (D:11)
  3 electric eels
  7 howler monkeys
  A bullfrog zombie (D:13)
  5 centaur zombies
  A quasit (D:12)
  3 hounds
  12 orc priests
  2 bullfrog skeletons
  4 jellies
  2 centaur skeletons
  5 hell rats (Lair:6)
  7 iguanas
  Ijyb (D:5)
  Natasha (D:4)
  19 orc wizards
  5 worker ants
  A hound zombie (D:7)
  A hound skeleton (D:9)
  A worker ant zombie (D:10)
  18 gnolls
  12 adders
  A shadow imp (D:6)
  4 white imps
  4 ufetubi
  3 worms
  A dart slug (D:1)
  7 leopard geckos
  92 orcs
  8 bats
  A giant cockroach (D:1)
  14 goblins
  12 hobgoblins
  6 jackals
  3 quokkas
  3 frilled lizards
  A jackal skeleton (D:5)
  27 kobolds
  A leopard gecko zombie (D:5)
  7 rats
604 creatures vanquished.

Vanquished Creatures (others)
  A tengu conjurer (D:10)
  An orc priest (D:12)
  A bush (Lair:4)
  37 fungi
  58 plants
98 creatures vanquished.

Grand Total: 702 creatures vanquished

Notes
Turn   | Place    | Note
-------+----------+-------------------------------------------
     0 | D:1      | KittyFluff the Gargoyle Berserker began the quest for the
                  | Orb.
     0 | D:1      | Reached XP level 1. HP: 14/14 MP: 1/1
   136 | D:1      | Reached XP level 2. HP: 19/19 MP: 2/2
   710 | D:1      | Reached XP level 3. HP: 22/24 MP: 3/3
   892 | D:2      | Found a blossoming altar of Fedhas.
  1094 | D:2      | Found a shimmering altar of Xom.
  1211 | D:2      | Found a stormy altar of Qazlal.
  1503 | D:2      | Reached XP level 4. HP: 20/29 MP: 4/4
  1912 | D:3      | Noticed a centaur
  2342 | D:3      | Reached ** piety under Trog
  2468 | D:3      | Killed a centaur
  2469 | D:3      | Reached skill level 4 in Maces & Flails
  2469 | D:3      | Reached XP level 5. HP: 18/33 MP: 5/5
  2738 | D:3      | Reached XP level 6. HP: 7/39 MP: 6/6
  3027 | D:3      | Found a broken altar of Ashenzari.
  3231 | D:3      | Found an iron altar of Okawaru.
  3267 | D:3      | You fall into a shaft and drop 2 floors!
  3267 | D:5      | Entered Level 5 of the Dungeon
  3277 | D:5      | Noticed Sigmund
  3293 | D:5      | Killed Sigmund
  3294 | D:5      | Reached skill level 5 in Maces & Flails
  3487 | D:4      | Reached XP level 7. HP: 36/44 MP: 7/7
  3493 | D:4      | Reached skill level 5 in Fighting
  3493 | D:4      | Reached skill level 1 in Stealth
  3889 | D:4      | Found a sparkling altar of Nemelex Xobeh.
  4171 | D:4      | Noticed Natasha
  4177 | D:4      | Killed Natasha
  4804 | D:4      | Found a staircase to the Ecumenical Temple.
  4923 | D:5      | Reached skill level 6 in Maces & Flails
  5054 | D:5      | Noticed Eustachio
  5087 | D:5      | Killed Eustachio
  5088 | D:5      | Reached skill level 1 in Staves
  5314 | D:5      | Reached XP level 8. HP: 49/49 MP: 8/8
  5578 | D:5      | Noticed Ijyb
  5596 | D:5      | Killed Ijyb
  6333 | D:6      | Reached *** piety under Trog
  6519 | D:6      | Found a glowing silver altar of Zin.
  7314 | D:6      | Reached skill level 5 in Armour
  8059 | D:6      | Noticed a two-headed ogre
  8069 | D:6      | Killed a two-headed ogre
  8070 | D:6      | Reached XP level 9. HP: 49/55 MP: 9/9
  8750 | D:7      | Found a hide-covered altar of Uskayaw.
  8756 | D:7      | Noticed a +0 hand axe
  8756 | D:7      | Noticed a +0 dagger
  9417 | D:7      | Found Cuagg's Distillery.
  9825 | D:8      | Reached **** piety under Trog
  9875 | D:8      | Reached XP level 10. HP: 28/61 MP: 10/10
 10640 | D:8      | Noticed a two-headed ogre
 10655 | D:8      | Killed a two-headed ogre
 10886 | D:8      | Found a bloodstained altar of Trog.
 11276 | D:8      | Found an ornate altar of the Wu Jian Council.
 11285 | D:8      | Reached skill level 10 in Staves
 11505 | D:9      | Found Hawev's Assorted Antiques.
 11536 | D:9      | Bought a pair of runed gloves for 157 gold pieces
 11862 | D:9      | Found a sacrificial altar of Ru.
 12233 | D:9      | Found a snail-covered altar of Cheibriados.
 12296 | D:9      | Reached ***** piety under Trog
 12669 | D:9      | Noticed a two-headed ogre
 12690 | D:9      | Killed a two-headed ogre
 13027 | D:9      | Reached XP level 11. HP: 26/67 MP: 11/11
 13292 | D:9      | Found a staircase to the Orcish Mines.
 13442 | D:10     | Entered Level 10 of the Dungeon
 14198 | D:10     | Killed an unseen horror
 14359 | D:10     | Received a gift from Trog
 14367 | D:10     | Reached skill level 5 in Dodging
 14664 | D:10     | Killed an unseen horror
 15063 | D:10     | Identified the +9 mace "Gycvery" {protect, Str+9}
 15069 | D:10     | Noticed a tengu warrior
 15082 | D:10     | Noticed a catoblepas
 15321 | D:10     | Found a runed translucent door.
 15321 | D:10     | Noticed a tengu warrior
 15330 | D:10     | Killed a tengu warrior
 15379 | D:10     | Found the +0 mask of the Dragon {Will+ Slay+3 SInv}
 15413 | D:10     | Found a runed translucent door.
 15416 | D:10     | Noticed an unseen horror
 15424 | D:10     | Killed an unseen horror
 15450 | D:10     | Killed a catoblepas
 15509 | D:10     | Killed a tengu warrior
 15842 | D:11     | Noticed a two-headed ogre
 15851 | D:11     | Killed a two-headed ogre
 15920 | D:11     | Reached XP level 12. HP: 74/74 MP: 12/12
 16231 | D:11     | Noticed a five-headed hydra
 16893 | D:11     | Found a staircase to the Lair.
 17257 | Lair:1   | Entered Level 1 of the Lair of Beasts
 17604 | Lair:1   | Reached skill level 7 in Maces & Flails
 18179 | Lair:2   | Noticed a seven-headed hydra
 18189 | Lair:2   | Killed a seven-headed hydra
 18303 | Lair:2   | Noticed a five-headed hydra
 18311 | Lair:2   | Killed a five-headed hydra
 18315 | Lair:2   | Reached skill level 8 in Maces & Flails
 18891 | Lair:2   | Noticed a six-headed hydra
 18902 | Lair:2   | Killed a six-headed hydra
 18903 | Lair:2   | Reached skill level 10 in Armour
 19100 | Lair:2   | Reached skill level 9 in Maces & Flails
 21784 | Lair:3   | Reached skill level 1 in Bows
 22057 | Lair:3   | Reached skill level 1 in Crossbows
 22057 | Lair:3   | Reached XP level 13. HP: 73/80 MP: 13/13
 22092 | Lair:3   | Noticed Snorg
 22111 | Lair:3   | Killed Snorg
 22180 | Lair:3   | Identified a scroll of acquirement
 22180 | Lair:3   | Acquired the +7 dire flail of Doom {venom, rC+ Dex+3
                  | Stlth+}
 22350 | Lair:3   | Found a staircase to the Snake Pit.
 22570 | Lair:3   | Found the +7 Kryia's mail coat {PotionHeal*2 rC+}
 22750 | Lair:3   | Got a sparkling jade amulet
 22759 | Lair:4   | Found a staircase to the Swamp.
 22783 | Lair:4   | Reached skill level 10 in Maces & Flails
 22965 | Lair:4   | Reached ****** piety under Trog
 23180 | Lair:4   | Identified the amulet of Psychosis {RegenMP Will+} (You
                  | found it on level 3 of the Lair of Beasts)
 23310 | Lair:4   | Received a gift from Trog
 23500 | Lair:4   | Reached skill level 11 in Maces & Flails
 24064 | Lair:5   | Noticed Urug
 24069 | Lair:5   | Killed Urug
 24165 | Lair:5   | Reached skill level 10 in Fighting
 24357 | Lair:4   | Gained mutation: Your large and strong wings let you fly
                  | indefinitely. [Gargoyle growth]
 24357 | Lair:4   | Reached XP level 14. HP: 72/88 MP: 14/14
 24397 | Lair:4   | Reached skill level 12 in Maces & Flails
 25284 | Lair:5   | Found a staircase to the Slime Pits.
 26783 | Lair:6   | Entered Level 6 of the Lair of Beasts
 27150 | Lair:6   | Received a gift from Trog
 27151 | Lair:6   | Reached skill level 5 in Crossbows
 27224 | Lair:6   | Identified the cursed +1 ring mail of Liberty {rC+ Str+4}
                  | (You found it on level 6 of the Lair of Beasts)
 27757 | Lair:6   | Noticed hawla's ghost (adept DrCj)
 27775 | Lair:6   | Found a runed translucent gate.
 27775 | Lair:6   | Found a runed translucent gate.
 27775 | Lair:6   | Found a runed translucent gate.
 28368 | Lair:6   | Reached skill level 13 in Maces & Flails
 28871 | D:12     | Found Goufihoeg's Demolitions Depot.
 29138 | D:12     | Found a runed translucent door.
 29816 | D:13     | Received a gift from Trog
 29842 | D:13     | Reached XP level 15. HP: 88/93 MP: 15/15
 30613 | D:14     | Found a gate to the Vaults.
 30979 | D:14     | Reached skill level 14 in Maces & Flails
 31442 | D:15     | Entered Level 15 of the Dungeon
 31451 | D:15     | Received a gift from Trog
 32041 | D:15     | Noticed Azrael
 32189 | D:15     | HP: 4/95 [fire elemental[Azrael] (7)]
 32190 | D:15     | Slain by a fire elemental

Illustrated notes

Levels and vault maps discovered:
D:1:      amcnicky_arrival_wind_blow, layout_basic
D:2:      layout_loops_corners, lemuel_coloured_pillars_altar, fedhas_altar_2,
          makhleb_blood_cavern_becter, brannock_xom_greatest_gift
D:3:      minmay_door_path, layout_rooms, ashenzari_altar_1,
          okawaru_altar_gauntlet_db, minmay_joined_circles
D:4:      layout_cave_pools, kennysheep_mini, minmay_temple_entry_fiery,
          serial_co_window_serial, co_window_paths_b,
          co_window_of_opportunity_a, co_window_corner_a, co_window_paths_b,
          co_window_corner_a, co_window_corner_ca, co_window_unsneaky_path_c,
          co_window_broadway_c, co_window_cross_3, co_window_4corner_b,
          glass_columns_a, glass_columns_b, chequers_hall_statues_y,
          uniq_natasha
D:5:      layout_gridville, uniq_sigmund, uniq_ijyb, uniq_eustachio
D:6:      layout_basic, zin_statuary, hangedman_decor_opposing
D:7:      layout_rooms, dancing_weapons_uskayaw, serial_shops,
          nicolae_shop_statue_plus, minmay_between
D:8:      layout_basic, lemuel_round_altar, trog_eyes_of_draining, minivault_24,
          serial_bayou_pond_e
D:9:      layout_roguey, nicolae_overflow_hidden_temple, hangedman_ru_absence,
          hiddenorc2_lemuel, serial_shops, shop, grunt_decor_fettered,
          minmay_misc_feat_cross
D:10:     minmay_the_grid_triangle_9x9_rhombus_thin_mashed
          [minmay_the_grid_triangle_9x9_pentomino_pain,
          minmay_the_grid_triangle_9x9_prize_center,
          minmay_the_grid_triangle_9x9_corrupted_corridor,
          minmay_the_grid_triangle_9x9_tough_junction], layout_irregular_city,
          kennysheep_generic_room_12
D:11:     layout_stronghold, lair_entry_dummy, minmay_statue_bubble
D:12:     layout_rooms, chequers_serial_rivers_micro_b, minmay_st_funbox,
          nicolae_blasting_shop
D:13:     layout_roguey, hangedman_abyss_or_decor_stabs
D:14:     layout_rooms, skrybe_vaults_entry_preservation, fountainhead
D:15:     grunt_enter_depths_hoard, layout_irregular_city,
          hangedman_decor_points, minmay_misc_feat_doors, corner_web_ring,
          david_greed, uniq_azrael
Lair:1:   layout_hall_layers
Lair:2:   layout_small_grid, serial_bayou_shore_a
Lair:3:   layout_regular_city, guppyfry_snake_entry_island,
          minmay_lindwurm_lava, minmay_lair_oklob_chamber, uniq_snorg
Lair:4:   layout_regular_city, minmay_swamp_entry_reptiles,
          infiniplex_staircase_pool
Lair:5:   layout_loops_ring, minmay_slime_entry_oklob_open, st_stairs_7,
          gammafunk_lair_bear_cave, serial_bayou_shore_b, uniq_urug
Lair:6:   guppyfry_lair_end_dragon, layout_regular_city,
          maelrawn_ghost_gauntlet_escape, chequers_serial_rivers_micro_c

Skill      XL: |  1  2  3  4  5  6  7  8  9 10 11 12 13 14 15 |
---------------+----------------------------------------------+-----
Dodging        | 2 3 4 5 6 7 |  7.3
Fighting       | 4 5 6 7 8 9 10 11 | 11.4
Armour         | 3 4 5 6 7 9 10 11 12 | 12.5
Maces & Flails | 4 5 6 9 11 13 14 | 14.3
Stealth        | 1 2 3 |  3.4
Staves         | 1 6 8 11 12 | 12.7
Bows           | 2 3 |  3.9
Crossbows      | 1 3 6 7 |  7.5

Action                   |  1- 3 |  4- 6 |  7- 9 | 10-12 | 13-15 || total
-------------------------+-------+-------+-------+-------+-------++-------
Melee: Mace              |   111 |   170 |    73 |   277 |  1057 ||  1688
       Quarterstaff      |       |       |   379 |   545 |       ||   924
       Arbalest          |       |       |       |       |    29 ||    29
 Fire: Shortbow          |       |       |       |    75 |       ||    75
       Arbalest          |       |       |       |       |    81 ||    81
Invok: Berserk           |       |     4 |     4 |     2 |     1 ||    11
       Trog's Hand       |       |       |       |       |     3 ||     3
 Abil: Fly               |       |       |       |       |     1 ||     1
  Use: Scroll            |       |     1 |     7 |    10 |    21 ||    39
       Potion            |       |       |     1 |     3 |     7 ||    11
 Stab: Sleeping          |       |       |     2 |     1 |       ||     3
       Petrified         |       |       |       |     1 |       ||     1
Armor: Animal skin       |    47 |       |       |       |       ||    47
       Robe              |     3 |     1 |       |       |       ||     4
       Leather armour    |       |    55 |   208 |    99 |       ||   362
       Pearl dragon scal |       |       |       |   429 |   655 ||  1084
Dodge: Dodged            |    92 |   147 |   321 |   477 |   722 ||  1759
